Map: Babylon LE

Players

Jonny - Winner!

  • Race: Zerg Zerg
  • League: Diamond
  • Spawn Location: 5:00

KeeganDee

  • Race: Terran Terran
  • League: Diamond
  • Spawn Location: 11:00

VOD

Have the link to the VOD?

Description

Time

  • Played on: Jan. 25, 2023, 5:01 a.m.
  • Length: 16:38
Show
View Real Time Build Order
Export as new Build Order

Jonny Zerg - Winner!

Build Orders: Hatch First, Lurkers 

Get SALT Encoding   

  12  0:00  Drone  
  13  0:12  Drone  
  14  0:34  Hatchery  
  13  0:37  Drone  
  14  0:43  Extractor, Drone  
  15  0:58  Spawning Pool  
  14  1:05  Overlord  
  14  1:08  Extractor  
  14  1:11  Drone  
  15  1:24  Drone x2  
  17  1:27  Drone  
  18  1:38  Drone  
  19  1:46  Queen, Zergling x2  
  22  1:49  Queen  
  22  1:52  Drone  
  25  2:01  Drone x2  
  27  2:16  Hatchery  
  27  2:20  Overlord  
  26  2:26  Overlord  
  26  2:36  Overlord  
  26  2:39  Drone x2  
  26  2:41  Overlord  
  28  2:45  Drone x2  
  30  2:54  Drone x2  
  32  3:01  Drone  
  32  3:06  Drone x2  
  32  3:07  Drone  
  35  3:13  Extractor  
  35  3:14  Drone x2  
  35  3:15  Extractor  
  35  3:16  Roach Warren  
  34  3:22  Drone x2  
  34  3:26  Drone x3  
  39  3:27  Drone  
  39  3:33  Drone  
  41  3:36  Drone  
  41  3:38  Queen  
  44  3:41  Drone x2  
  44  3:46  Drone x2  
  44  3:47  Drone x2  
  50  3:50  Overlord  
  50  3:53  Overlord  
  50  4:01  Roach x3  
  56  4:05  Queen  
  58  4:10  Roach  
  58  4:11  Roach  
  58  4:16  Evolution Chamber  
  61  4:24  Lair  
  61  4:32  Spore Crawler  
  59  4:42  Spore Crawler  
  58  4:47  Spore Crawler  
  58  4:51  Drone x6  
  58  4:52  Spore Crawler  
  62  4:53  Drone x5  
  62  4:54  Extractor  
  62  4:56  Extractor  
  65  5:00  Zerg Missile Weapons Level 1  
  65  5:02  Drone  
  65  5:04  Drone x2  
  58  5:12  Drone  
  59  5:15  Drone x3  
  62  5:25  Drone x4  
  62  5:26  Drone x2  
  68  5:28  Drone x2  
  68  5:30  Drone  
  71  5:36  Glial Reconstitution  
  71  5:40  Overseer  
  71  5:54  Drone x3  
  71  5:57  Overlord x4  
  74  6:09  Overlord  
  74  6:10  Overlord x2  
  74  6:14  Infestation Pit, Hatchery  
  74  6:17  Hydralisk Den  
  71  6:23  Drone x2  
  71  6:24  Drone x2  
  71  6:25  Drone  
  76  6:44  Overlord x2  
  76  6:45  Zergling x16  
  76  6:46  Zergling x8  
  88  6:48  Ravager x3  
  88  6:49  Hatchery  
  88  6:56  Ravager  
  88  6:58  Overseer  
  89  7:11  Baneling Nest  
  76  7:25  Roach  
  76  7:26  Roach x8  
  82  7:40  Roach x5, Zergling x10  
  82  7:41  Zergling x2  
  92  7:48  Roach x2  
  78  8:21  Hydralisk, Roach  
  78  8:22  Hydralisk x3, Roach x8  
  102  8:31  Ravager  
  97  8:49  Zergling x2  
  97  8:50  Zergling x24  
  110  9:04  Overseer  
  110  9:15  Drone x5  
  110  9:16  Drone x7  
  120  9:20  Infestation Pit  
  117  9:24  Lurker Den  
  117  9:28  Hydralisk  
  117  9:29  Hydralisk x6  
  130  9:39  Extractor  
  130  9:40  Extractor, Drone x3  
  130  9:41  Drone x3  
  105  10:19  Grooved Spines  
  105  10:27  Queen  
  107  10:31  Lurker x6  
  113  10:39  Spore Crawler  
  113  10:40  Spine Crawler  
  111  10:44  Spine Crawler  
  111  10:49  Drone  
  112  10:50  Drone x12  
  123  10:58  Extractor  
  123  10:59  Extractor  
  123  11:02  Hive  
  121  11:06  Hydralisk x9  
  139  11:13  Hydralisk x2  
  143  11:30  Muscular Augments  
  143  11:45  Hatchery  
  142  11:53  Hydralisk  
  144  11:55  Overlord x4  
  144  12:00  Lurker x5  
  140  12:10  Spore Crawler  
  140  12:12  Lurker x4, Spore Crawler  
  123  12:34  Seismic Spines  
  113  12:44  Overlord  
  113  12:45  Overlord x5  
  111  12:51  Overlord x2  
  108  13:05  Hydralisk  
  102  13:06  Hydralisk x4  
  102  13:07  Hydralisk x5  
  117  13:31  Adaptive Talons  
  117  13:35  Hydralisk  
  117  13:36  Hydralisk x9, Hatchery  
  97  14:11  Hydralisk x9  
  112  14:47  Hydralisk x7  
  112  14:48  Hydralisk x3  
  112  14:49  Lurker  
  133  14:57  Lurker  
  133  14:59  Lurker  
  135  15:13  Lurker  
  124  15:51  Lurker  
  124  15:53  Lurker x4  
  129  16:04  Lurker  
  129  16:05  Lurker x3  
  129  16:08  Overseer  
  133  16:13  Drone x3  
  116  16:26  Hatchery  
Show
View Real Time Build Order
Export as new Build Order

KeeganDee Terran 

Build Orders:  

Get SALT Encoding   

  12  0:00  SCV  
  13  0:12  SCV  
  14  0:17  Supply Depot  
  14  0:24  SCV  
  15  0:38  SCV  
  15  0:40  Barracks  
  16  0:44  Refinery  
  16  0:50  SCV  
  17  1:02  SCV  
  18  1:14  SCV  
  19  1:27  Orbital Command  
  19  1:29  Marine  
  20  1:43  Command Center  
  20  1:57  Factory, SCV  
  21  2:09  Supply Depot  
  21  2:10  Barracks Reactor  
  21  2:16  SCV  
  21  2:19  Refinery  
  22  2:28  SCV  
  22  2:40  SCV  
  23  2:44  Starport  
  23  2:50  Hellion  
  23  2:51  Hellion  
  27  2:54  Orbital Command  
  26  3:06  SCV  
  27  3:13  Widow Mine x2  
  27  3:18  SCV, Barracks Tech Lab  
  32  3:20  Medivac  
  32  3:22  SCV  
  35  3:31  SCV  
  36  3:36  SCV  
  37  3:43  SCV  
  37  3:47  Command Center  
  38  3:48  SCV  
  38  3:55  SCV  
  40  4:00  SCV, Hellion  
  40  4:01  Hellion  
  45  4:07  SCV  
  45  4:09  Supply Depot  
  46  4:10  Concussive Shells  
  46  4:11  Marauder  
  46  4:13  SCV  
  49  4:19  SCV  
  49  4:23  Hellion  
  52  4:25  SCV  
  53  4:31  SCV  
  54  4:41  SCV  
  54  4:43  Medivac, SCV  
  54  4:44  Marauder  
  60  4:47  Widow Mine  
  60  4:49  Refinery  
  60  4:51  Supply Depot  
  62  4:58  Widow Mine  
  64  5:06  Marauder  
  66  5:12  Orbital Command, Widow Mine  
  64  5:16  Barracks x2  
  64  5:20  Widow Mine  
  66  5:22  Supply Depot  
  66  5:27  Marauder  
  68  5:29  Stimpack  
  68  5:30  Medivac  
  70  5:37  SCV x3  
  70  5:41  Hellion  
  75  5:48  Engineering Bay, Marauder  
  77  5:51  Armory  
  77  5:57  Widow Mine  
  77  5:59  SCV x2  
  77  6:02  Hellion  
  83  6:06  Supply Depot  
  83  6:07  SCV  
  83  6:08  Barracks Reactor x2  
  84  6:12  Engineering Bay  
  84  6:14  Marine  
  84  6:18  Orbital Command  
  85  6:22  Hellion  
  85  6:23  Hellion  
  85  6:25  Medivac  
  91  6:29  SCV  
  91  6:30  SCV  
  91  6:32  Marine  
  93  6:33  Refinery  
  94  6:41  SCV  
  94  6:42  SCV  
  94  6:43  Hellion  
  94  6:44  Marine x3  
  101  6:50  Marine x2  
  103  7:02  Marine x3  
  106  7:09  Marine x2, Combat Shield  
  109  7:15  Widow Mine  
  109  7:18  Hellion  
  109  7:20  Marine x2  
  97  7:27  Marauder  
  97  7:29  Marine x2  
  92  7:37  Hellion  
  92  7:38  Marine x2  
  92  7:39  Widow Mine  
  96  7:47  Marine x2  
  96  7:49  Marauder  
  100  7:53  SCV  
  100  7:56  Marine x2  
  99  7:58  Hellbat  
  99  8:01  Widow Mine  
  99  8:04  Command Center  
  99  8:05  Marine x2  
  95  8:10  Marauder  
  89  8:23  Marine x4  
  89  8:25  Hellbat x2  
  95  8:29  Factory  
  95  8:31  Starport Reactor  
  95  8:32  Barracks, Marauder  
  96  8:34  Barracks  
  96  8:40  Marine  
  96  8:41  Marine x3  
  93  8:46  Hellbat, Widow Mine  
  97  8:53  Marauder  
  95  8:58  Marine x2  
  95  8:59  Marine x2  
  96  9:06  SCV x3  
  96  9:07  Widow Mine  
  96  9:09  Hellbat, Medivac  
  78  9:10  Medivac  
  104  9:14  Factory Tech Lab, Marauder  
  104  9:16  Marine x2  
  109  9:18  Terran Infantry Weapons Level 1  
  109  9:19  Terran Infantry Armor Level 1  
  109  9:20  Terran Vehicle Weapons Level 1  
  109  9:24  Marine x2  
  109  9:25  SCV x3  
  109  9:29  Hellbat  
  109  9:30  Missile Turret  
  116  9:33  Refinery  
  116  9:34  Marine  
  116  9:35  Refinery  
  117  9:43  Barracks Reactor  
  117  9:44  Marine x2, Medivac x2, Marauder, Widow Mine, Barracks Tech Lab  
  117  9:45  Hellbat  
  129  9:47  Marine  
  129  9:50  Hellbat  
  129  9:52  Marine  
  119  10:02  Marine  
  119  10:06  Hellbat, Thor, Marauder  
  113  10:10  Marine x3  
  113  10:11  Marauder  
  113  10:12  Hellbat  
  116  10:19  Marine  
  117  10:27  Hellbat, Marine, Marauder  
  117  10:28  Marine x2  
  124  10:31  Marine  
  124  10:32  Marine, Marauder  
  124  10:34  Hellbat  
  130  10:36  Supply Depot x2  
  130  10:37  Marine, Supply Depot  
  131  10:43  SCV  
  132  10:57  Marine x5  
  132  10:58  Marine, Marauder x2, SCV x2, Hellbat  
  136  11:06  Orbital Command  
  136  11:08  SCV  
  136  11:10  SCV x2  
  139  11:15  Marine x6  
  145  11:19  Marine  
  145  11:20  Marauder  
  148  11:28  SCV x2  
  148  11:29  SCV  
  151  11:33  Marine, Command Center  
  151  11:34  Marine x4  
  156  11:46  Marine, Marauder x2, SCV  
  161  12:12  Marine x2  
  161  12:13  Marine x6  
  161  12:14  Hellbat  
  171  12:17  Hellbat  
  171  12:28  Hellbat  
  168  12:30  Marine  
  168  12:32  Marauder x2  
  168  12:36  Marine  
  172  12:44  Marine x4  
  172  12:45  Hellbat x2  
  172  12:48  Marine  
  172  12:49  Hellbat  
  179  12:52  Marine  
  179  12:53  Marauder  
  179  12:54  Marine  
  181  13:00  Orbital Command  
  181  13:02  Marine x4  
  184  13:06  Marine, Hellbat x2  
  184  13:11  Marauder  
  187  13:14  Marine  
  187  13:16  Hellbat, Marauder  
  177  13:20  Marine x4, Medivac x2  
  177  13:21  SCV x2  
  177  13:24  Marine  
  177  13:26  Planetary Fortress  
  181  13:27  Hellbat, Widow Mine  
  181  13:28  Missile Turret  
  181  13:32  Marauder  
  187  13:45  Marine  
  187  13:46  Marine  
  187  13:47  Marauder  
  180  13:49  Missile Turret  
  180  13:50  Medivac  
  180  13:53  Marauder  
  113  13:58  Marine x3  
  85  14:08  Marauder  
  81  14:10  Marine x2  
  81  14:11  Marine  
  81  14:15  Hellbat x3, Marauder  
  81  14:16  Marine x3  
  93  14:18  Medivac  
  93  14:20  Medivac  
  97  14:28  Marine x3  
  97  14:29  Marauder  
  97  14:30  SCV x2  
  104  14:32  Refinery  
  104  14:33  Refinery  
  104  14:34  Marine x3  
  104  14:36  Hellbat, Marauder  
  111  14:42  SCV  
  105  14:46  Marine  
  105  14:47  Marine x2  
  105  14:49  Hellbat x2  
  105  14:51  Marauder  
  105  14:52  Marine x3  
  115  14:58  Hellbat, Marauder  
  120  15:04  Marine  
  120  15:05  Marine  
  122  15:10  Hellbat  
  122  15:12  Marauder  
  120  15:19  Marauder  
  120  15:20  Marine x4  
  126  15:22  Marine  
  127  15:34  Marauder  
  120  15:40  Marauder  
  104  15:55  Marauder  
  106  16:02  Command Center  
  106  16:04  Marine x2  
  106  16:05  Marine x2, Marauder  
  106  16:06  Hellbat  
Tags
 
Composition
Lurkers
Matchup
TvZ
Spawn Locations
Cross Positions
Add a new tag
Caveats
  • Supply blocks, unpowered buildings, or Contaminate may cause inaccurate times.
  • Supply counts are checked every 10 seconds.